 Dungeon Crawl Stone Soup version 0.29-a0-923-g6e406bff71 (webtiles) character file.

Game seed: 7208782994069289124

153745 bonfidx the Unseen (level 17, -1/90 HPs)
             Began as a Spriggan Enchanter on July 27, 2022.
             Was the Champion of Dithmenos.
             Killed by the air
             ... invoked by a wind drake
              (26 damage)
             ... on level 1 of the Shoals on July 28, 2022.
             The game lasted 01:18:58 (29601 turns).

bonfidx the Unseen (Spriggan Enchanter)            Turns: 29601, Time: 01:18:58

Health: -1/90      AC:  6    Str: 10    XL:     17   Next: 5%
Magic:  32/39      EV: 33    Int: 17    God:    Dithmenos [******]
Gold:   2127       SH:  4    Dex: 17    Spells: 27/50 levels left

rFire   . . .      SeeInvis +   A - +8 quick blade (elec)
rCold   + . .      Faith    .   (no shield)
rNeg    . . .      Spirit   .   x - +2 robe {rC+}
rPois   +          Reflect  .   (helmet restricted)
rElec   .          Harm     .   (no cloak)
rCorr   .          Rampage  .   (gloves unavailable)
Will    ++...                   (boots unavailable)
Stlth   ++++++++..              f - amulet of regeneration
HPRegen 1.05/turn               K - ring of poison resistance
MPRegen 0.26/turn               s - +4 ring of evasion

@: wreathed by umbra, slow
A: very small, no large weapons, unfitting armour, see invisible, speed 3,
iridescent scales 1, large bone plates 1
a: Renounce Religion, Shadow Step, Shadow Form


You were on level 1 of the Shoals.
You worshipped Dithmenos.
Dithmenos was exalted by your worship.
You visited 6 branches of the dungeon, and saw 27 of its levels.
You also visited: Bailey and Volcano.

You collected 3798 gold pieces.
You spent 1671 gold pieces at shops.

Inventory:

Hand Weapons
 A - a +8 quick blade of electrocution (weapon)
 E - the +3 Elemental Staff {rElec rF++ rC++ AC+5}
   (You took it off a tengu reaver on level 14 of the Dungeon)

   If the wielder is skilled in Evocations, they can discharge powerful blasts
   of elemental energy when striking with it.
   It enhances your fire, ice, earth and air magic.
   AC:        It affects your AC (+5).
   rF:        It greatly protects you from fire.
   rC:        It greatly protects you from cold.
   rElec:     It insulates you from electricity.
 L - the +3 rapier of Dowdy Guilt {speed, rCorr Int+4 Dex+2}
   (You found it on level 1 of the Lair of Beasts)

   Attacks with this weapon are significantly faster.
   Int:       It affects your intelligence (+4).
   Dex:       It affects your dexterity (+2).
   rCorr:     It protects you from acid and corrosion.
Missiles
 y - 28 poisoned darts (quivered)
 D - 3 throwing nets
 H - a curare-tipped dart
Armour
 x - a +2 robe of cold resistance (worn)
 F - a +0 cloak
Jewellery
 c - a +4 ring of evasion
 d - a ring of wizardry
 f - an amulet of regeneration (around neck)
 r - a +6 ring of intelligence
 s - a +4 ring of evasion (right hand)
 K - a ring of poison resistance (left hand)
 R - a ring of ice
Wands
 a - a wand of mindburst (8)
 u - a wand of digging (4)
 w - a wand of flame (67)
 C - a wand of polymorph (9)
 G - a wand of charming (3)
 P - a wand of iceblast (2)
Scrolls
 b - a scroll of enchant armour
 h - 2 scrolls of poison
 i - 8 scrolls of fear
 n - 12 scrolls of identify
 o - 2 scrolls of blinking
 p - 15 scrolls of teleportation
 q - 8 scrolls of amnesia
 B - a scroll of vulnerability
 J - 4 scrolls of magic mapping
 T - a scroll of immolation
Potions
 e - 4 potions of cancellation
 g - 7 potions of heal wounds
 j - 13 potions of curing
 k - a potion of berserk rage
 l - 12 potions of lignification
 m - 2 potions of magic
 t - 9 potions of haste
 v - a potion of flight
 z - 9 potions of brilliance
 I - 2 potions of might
 M - 2 potions of ambrosia
 N - a potion of resistance
 Q - 3 potions of mutation
 S - a potion of invisibility


   Skills:
 + Level 10.6 Fighting
 - Level 12.0 Short Blades
 + Level 16.2 Dodging
 + Level 20.8 Stealth
 + Level 17.0 Spellcasting
 + Level 17.2 Hexes


You had 27 spell levels left.
You knew the following spells:

 Your Spells              Type           Power      Damage    Failure   Level
a - Ensorcelled Hibernat  Hex/Ice        86%        N/A       1%          2
b - Tukima's Dance        Hex            64%        N/A       0%          3
c - Dazzling Flash        Conj/Hex       86%        N/A       1%          3
d - Confusing Touch       Hex            64%        N/A       0%          3
e - Summon Mana Viper     Hex/Summ       43%        N/A       3%          5
f - Enfeeble              Hex            32%        N/A       3%          7

Your spell library contained the following spells:

 Spells                   Type           Power      Damage    Failure   Level
 Inner Flame              Hex/Fire       43%        N/A       1%          3
 Fulminant Prism          Conj/Hex       21%        3d13      1%          4
 Leda's Liquefaction      Hex/Erth       21%        N/A       1%          4
 Foxfire                  Conj/Fire      56%        2x1d6     4%          1
 Shock                    Conj/Air       56%        1d6       4%          1
 Conjure Flame            Conj/Fire      14%        6-21      12%         3
 Ignite Poison            Fire/Tmut/Pois 14%        N/A       12%         3
 Swiftness                Air            14%        N/A       12%         3
 Airstrike                Air            7%         0-3+      38%         4
 Flame Wave               Conj/Fire      14%        2d6       38%         4
 Passage of Golubria      Tloc           14%        N/A       38%         4
 Sticky Flame             Conj/Fire      14%        2d4       38%         4
 Fireball                 Conj/Fire      7%         3d5       75%         5
 Lee's Rapid Deconstruct  Erth           7%         3d7*      75%         5
 Starburst                Conj/Fire      7%         6d4       99%         6
 Statue Form              Tmut/Erth      9%         N/A       99%         6
 Malign Gateway           Summ/Tloc      7%         N/A       100%        7
 Disjunction              Tloc           7%         N/A       100%        8
 Ignition                 Fire           7%         3d4       100%        8


Dungeon Overview and Level Annotations

Branches:
Dungeon (15/15)            Temple (1/1) D:6            Lair (5/5) D:10
 Shoals (1/4) Lair:3       Spider (3/4) Lair:3        Slime (0/5) Lair:5
    Orc (2/2) D:12            Elf (0/3) Orc:2        Vaults (0/5) D:13
 Depths (0/4) D:15         Bailey (visited)         Volcano (visited)

Altars:
Cheibriados
Dithmenos
Fedhas
Gozag
Hepliaklqana
Makhleb
Nemelex Xobeh
Okawaru
Qazlal
Ru
Vehumet
Yredelemnul
Zin
The Shining One

Shops:
D:1 !   D:5 [   D:10 !*   Orc:2 ?(*!

Annotations:
D:8 exclusion: door
D:10 2 transporters, Majang's ghost, journeyman NaIE
D:14 exclusion: 5 doors
Lair:5 2 transporters, Essalna's ghost, journeyman KoEn
Spider:2 Roxanne


Innate Abilities, Weirdness & Mutations

You are very small and have problems with some larger weapons.
You are too small for most types of armour.
You have supernaturally acute eyesight. (SInv)
You cover ground extremely quickly. (Speed+++)
You are partially covered in iridescent scales. (AC +2)
You are partially covered in large bone plates. (SH +4)


Message History

Press: ? - help, Shift-Dir - straight line, f - water nymph
Aim: a water nymph (black smoke, umbra, chance to affect: 8%)
The water nymph resists with almost no effort.
The water nymph completely misses you. The cyclops misses you.
Unknown command.
Casting: Ensorcelled Hibernation (safe; 1% risk of failure)
Confirm with . or Enter, or press ? or * to list all spells.
Aiming: Ensorcelled Hibernation (safe; 1% risk of failure)
Press: ? - help, Shift-Dir - straight line, f - cyclops, p - water nymph
Aim: a cyclops, quivering large rocks (umbra, chance to affect: 50%)
The cyclops looks drowsy...
The water nymph completely misses you.
Splash!
You fall into the shallow water.
Moving in this stuff is going to be slow.
The helpless cyclops fails to defend itself.
You spit the cyclops like a pig!!!!!
You kill the cyclops!
Dithmenos accepts your kill.
You hear a splash.
Casting: Ensorcelled Hibernation (safe; 1% risk of failure)
Confirm with . or Enter, or press ? or * to list all spells.
Aiming: Ensorcelled Hibernation (safe; 1% risk of failure)
Press: ? - help, Shift-Dir - straight line, f - water nymph
Aim: a water nymph (umbra, chance to affect: 8%)
The water nymph resists with almost no effort.
The water nymph misses you.
Unknown command.
Casting: Ensorcelled Hibernation (safe; 1% risk of failure)
Confirm with . or Enter, or press ? or * to list all spells.
Aiming: Ensorcelled Hibernation (safe; 1% risk of failure)
Press: ? - help, Shift-Dir - straight line, f/p - water nymph
Aim: a water nymph (umbra, chance to affect: 8%)
The water nymph resists with almost no effort.
The water nymph casts a spell at you. The water swirls and strikes you!!!
* * * LOW HITPOINT WARNING * * *
You emit a cloud of dark smoke.
The wind drake flaps its wings at you. The air twists around and strikes you!!
You die...

..≈≈≈≈≈≈≈≈≈≈≈≈≈≈≈≈≈≈
..≈≈≈≈≈≈≈≈≈§≈≈≈≈≈≈≈≈
..≈.≈...≈≈≈§≈≈≈≈≈≈≈≈
........§§§§.≈≈≈≈≈≈≈≈
.......<§§§§≈≈≈≈≈≈≈≈≈
.###....§§§§§≈≈≈≈≈≈≈≈
#....§§§§§§≈≈≈≈≈≈≈
#.....§§§§§≈≈≈≈≈≈≈
.......##§@m≈..≈≈≈≈≈≈
.......##.§§(≈≈.≈≈≈.≈≈
.......≈..≈≈≈≈k≈≈≈≈≈≈≈
..$...≈≈...........≈≈≈
......≈≈....#....#.≈≈≈
#...........§§≈§§...≈≈
..####...§§§§§..≈≈ ..
......≈§§§§..≈≈
......≈≈≈≈...≈≈


You could see a wind drake (repels missiles) and a water nymph.

Vanquished Creatures
  Saint Roka (Orc:2)
  Rupert (Lair:3)
  Agnes (Spider:2)
  A tengu reaver (D:14)
  An emperor scorpion (Spider:2)
  An orc warlord (Bailey)
  2 ghost moths (Spider:2)
  2 broodmothers (Spider:2)
  An ironbound preserver (D:13)
  Nessos (D:14)
  A dire elephant (Lair:5)
  2 stone giants
  2 entropy weavers (Spider:1)
  Azrael (Spider:2)
  A spark wasp (Spider:2)
  Snorg (D:14)
  Fannar (Orc:1)
  7 boulder beetles
  2 catoblepae (Lair:3)
  6 centaur warriors
  A radroach (Spider:2)
  A jorogumo (Spider:2)
  5 hydras
  4 two-headed ogres
  A merfolk aquamancer (Lair:3)
  2 death yaks
  8 orc high priests (Orc:2)
  3 tengu warriors
  Urug (Lair:3)
  Nergalle (D:12)
  A spectral death yak (Lair:5)
  A sun moth (Spider:1)
  A spectral anaconda (Lair:5)
  6 pharaoh ants
  8 skeletal warriors
  7 orb spiders
  An obsidian statue (Lair:5)
  Pikel (D:7)
  5 wizards (Volcano)
  A steelbarb worm (Spider:2)
  A harpy (shapeshifter) (D:13)
  4 deep elf pyromancers
  3 orc knights
  4 necromancers (Lair:5)
  3 orc sorcerers (Orc:2)
  11 wolf spiders
  16 ugly things
  4 manticores
  3 merfolk sirens (Lair:3)
  6 cyclopes
  2 dire elephant zombies (Lair:5)
  5 toenail golems (Volcano)
  30 elephants
  7 black mambas
  Maurice (D:9)
  Maggie (D:6)
  A torpor snail (Lair:3)
  14 cane toads
  3 gargoyles
  A yaktaur (D:15)
  An unseen horror (D:10)
  3 efreet
  12 komodo dragons
  3 rime drakes
  2 tengu conjurers
  2 demonic crawlers (Spider:2)
  8 trolls
  2 merfolk
  5 polar bears
  6 meliai
  A hornet (D:9)
  A tarantella (shapeshifter) (D:14)
  12 slime creatures
  14 tarantellas
  6 dream sheep (Lair:5)
  A spectral elephant (Lair:5)
  A snapping turtle (Shoals:1)
  14 blink frogs
  19 jumping spiders
  13 culicivoras
  A shadow (D:11)
  A centaur simulacrum (D:14)
  3 water elementals
  7 fire bats
  3 vampires
  8 basilisks
  43 yaks
  6 fire elementals (Spider:2)
  2 wraiths
  5 wyverns
  22 redbacks
  4 vampire mosquitoes (D:13)
  10 wargs
  2 dancing weapons
  4 spectral cane toads (Lair:5)
  A hell hound (Spider:2)
  An acid dragon (D:8)
  17 water moccasins
  22 orc warriors
  An elephant zombie (Lair:5)
  7 black bears
  A black bear (shapeshifter) (D:13)
  10 ogres
  4 wolves
  An ice beast (D:7)
  An elephant skeleton (Lair:5)
  A phantom (D:6)
  10 centaurs
  4 lemures (D:7)
  2 kobold brigands (D:9)
  14 bullfrogs
  3 scorpions
  A cane toad simulacrum (Lair:5)
  3 necrophages
  2 gnoll sergeants
  5 wights
  3 killer bees (D:9)
  2 electric eels (Lair:4)
  8 howler monkeys
  35 orc priests
  3 hounds
  2 jellies
  3 gnoll boudas
  Jessica (D:3)
  2 iguanas (D:6)
  14 orc wizards
  4 hell rats (Lair:3)
  25 gnolls
  2 adders
  3 shadow imps
  A white imp (D:8)
  2 ufetubi
  2 worms
  2 dart slugs
  98 orcs
  13 ball pythons
  3 endoplasms
  9 giant cockroaches
  10 goblins
  10 hobgoblins
  A jackal (D:2)
  3 quokkas
  5 bats
  27 kobolds
  4 rats
870 creatures vanquished.

Vanquished Creatures (collateral kills)
  Sigmund (D:3)
  2 orc warriors
  An ogre (Orc:1)
  4 wights
  6 gnolls
  4 orcs
18 creatures vanquished.

Vanquished Creatures (others)
  A culicivora (Spider:2)
  14 dancing weapons
  A fire vortex (D:8)
  12 fungi
  40 plants
  9 withered plants (Lair:5)
77 creatures vanquished.

Grand Total: 965 creatures vanquished

Notes
Turn   | Place    | Note
-------+----------+-------------------------------------------
     0 | D:1      | bonfidx the Spriggan Enchanter began the quest for the Orb.
     0 | D:1      | Reached XP level 1. HP: 9/9 MP: 5/5
   175 | D:1      | Found a faded altar of an unknown god.
   440 | D:1      | Reached XP level 2. HP: 9/13 MP: 7/7
   443 | D:1      | Learned a level 2 spell: Ensorcelled Hibernation
   736 | D:1      | Found Inunly's Distillery.
   805 | D:1      | Gained mutation: You are partially covered in iridescent
                  | scales. (AC +2) [potion of mutation]
   805 | D:1      | Gained mutation: Your spells are a little easier to cast,
                  | but a little less powerful. [potion of mutation]
   805 | D:1      | Gained mutation: You are agile. (Dex +4, Str/Int -1)
                  | [potion of mutation]
   982 | D:1      | Bought a potion of degeneration for 11 gold pieces
  1059 | D:2      | Reached XP level 3. HP: 16/16 MP: 9/9
  1069 | D:2      | Learned a level 3 spell: Tukima's Dance
  1073 | D:2      | Learned a level 3 spell: Confusing Touch
  1719 | D:2      | Reached XP level 4. HP: 21/21 MP: 6/11
  1780 | D:3      | Reached skill level 5 in Hexes
  1834 | D:3      | Noticed Sigmund
  1844 | D:3      | Killed Sigmund
  1845 | D:3      | Reached skill level 5 in Spellcasting
  1845 | D:3      | Reached XP level 5. HP: 24/24 MP: 7/14
  1902 | D:3      | Noticed Jessica
  1911 | D:3      | Killed Jessica
  1912 | D:3      | Reached XP level 6. HP: 25/28 MP: 8/15
  2244 | D:3      | Identified the +0 robe of Moyrghu {+Blink Str+2 Int-2}
  2390 | D:1      | Bought a potion of curing for 33 gold pieces
  2390 | D:1      | Bought a potion of heal wounds for 55 gold pieces
  2390 | D:1      | Bought a potion of curing for 33 gold pieces
  2471 | D:4      | Reached skill level 5 in Stealth
  2585 | D:4      | Learned a level 3 spell: Dazzling Flash
  2870 | D:4      | Lost mutation: You are partially covered in iridescent
                  | scales. (AC +2) [potion of mutation]
  2870 | D:4      | Lost mutation: You are agile. (Dex +4, Str/Int -1) [potion
                  | of mutation]
  2870 | D:4      | Gained mutation: Your body sometimes deteriorates upon
                  | taking damage. [potion of mutation]
  2870 | D:4      | Gained mutation: You are strong-willed. (Will+) [potion of
                  | mutation]
  3244 | D:5      | Entered Level 5 of the Dungeon
  3250 | D:5      | Found Jotaa's Armour Boutique.
  3274 | D:5      | Reached XP level 7. HP: 26/32 MP: 2/17
  3524 | D:5      | Reached skill level 6 in Stealth
  4488 | D:5      | Reached skill level 7 in Stealth
  4783 | D:6      | Found a staircase to the Ecumenical Temple.
  4792 | D:6      | Reached XP level 8. HP: 36/36 MP: 20/20
  4794 | Temple   | Entered the Ecumenical Temple
  4877 | Temple   | Became a worshipper of Dithmenos the Shadowed
  4933 | D:6      | Noticed Maggie
  5005 | D:6      | Killed Maggie
  5006 | D:6      | Reached skill level 8 in Stealth
  5008 | D:6      | Lost mutation: Your body sometimes deteriorates upon taking
                  | damage. [potion of mutation]
  5008 | D:6      | Lost mutation: You are strong-willed. (Will+) [potion of
                  | mutation]
  5008 | D:6      | Gained mutation: You are frail. (-10% HP) [potion of
                  | mutation]
  5268 | D:6      | Reached skill level 9 in Stealth
  5615 | D:7      | Noticed Pikel
  5806 | D:7      | Found a flagged portal.
  5824 | Bailey   | Entered a bailey
  5843 | Bailey   | Noticed an orc warlord
  5958 | Bailey   | Reached * piety under Dithmenos
  6006 | Bailey   | Found a runed translucent gate.
  6009 | Bailey   | Found a runed translucent gate.
  6011 | Bailey   | Found a runed translucent gate.
  6040 | Bailey   | Reached skill level 10 in Stealth
  6040 | Bailey   | Reached XP level 9. HP: 25/35 MP: 9/23
  6183 | Bailey   | Lost mutation: Your spells are a little easier to cast, but
                  | a little less powerful. [potion of mutation]
  6183 | Bailey   | Lost mutation: You are frail. (-10% HP) [potion of
                  | mutation]
  6183 | Bailey   | Gained mutation: You sometimes lose your temper in combat.
                  | [potion of mutation]
  6183 | Bailey   | Gained mutation: Your magical capacity is low. (-10% MP)
                  | [potion of mutation]
  6654 | Bailey   | Killed an orc warlord
  6655 | Bailey   | Reached skill level 1 in Fighting
  6778 | D:7      | Acquired a +6 quick blade
  6847 | D:7      | Lost mutation: Your magical capacity is low. (-10% MP)
                  | [potion of mutation]
  6847 | D:7      | Lost mutation: You sometimes lose your temper in combat.
                  | [potion of mutation]
  6847 | D:7      | Gained mutation: You have hidden genetic potential. [potion
                  | of mutation]
  6956 | D:7      | Acquired 481 gold pieces
  7116 | D:7      | Killed Pikel
  7117 | D:7      | Reached skill level 11 in Stealth
  7117 | D:7      | Reached skill level 10 in Hexes
  7384 | D:7      | Reached skill level 5 in Dodging
  7561 | D:8      | Reached XP level 10. HP: 47/47 MP: 24/24
  7590 | D:8      | Reached skill level 10 in Spellcasting
  7673 | D:8      | Acquired 625 gold pieces
  7835 | D:8      | Reached ** piety under Dithmenos
  7868 | D:8      | Gained mutation: You are partially covered in large bone
                  | plates. (SH +4) [hidden potential]
  7958 | D:8      | Identified the +2 leather armour "Zinaxtif" {rF++ rN+}
  8179 | D:8      | Noticed a two-headed ogre
  8202 | D:8      | Killed a two-headed ogre
  8203 | D:8      | Reached skill level 12 in Stealth
  8223 | D:8      | Reached skill level 5 in Short Blades
  8632 | D:9      | Noticed Maurice
  8652 | D:9      | Killed Maurice
  8861 | D:9      | Reached *** piety under Dithmenos
  9070 | D:9      | Noticed a boulder beetle
  9075 | D:9      | Killed a boulder beetle
  9133 | D:9      | Reached XP level 11. HP: 53/53 MP: 26/26
  9139 | D:9      | Found a basalt altar of Yredelemnul.
  9509 | D:10     | Entered Level 10 of the Dungeon
  9511 | D:10     | Found a staircase to the Lair.
  9606 | D:10     | Found a transporter.
  9606 | D:10     | Noticed a two-headed ogre
  9608 | D:10     | Reached **** piety under Dithmenos
  9620 | D:10     | Killed a two-headed ogre
  9633 | D:10     | Reached skill level 13 in Stealth
  9637 | D:10     | Gained mutation: You are partially covered in iridescent
                  | scales. (AC +2) [hidden potential]
  9637 | D:10     | Lost mutation: You have hidden genetic potential. [hidden
                  | potential expressed]
  9673 | D:10     | Noticed Majang's ghost (journeyman NaIE)
  9701 | D:10     | Noticed a two-headed ogre
  9705 | D:10     | Found a transporter.
  9708 | D:10     | Killed a two-headed ogre
  9749 | D:10     | Noticed a two-headed ogre
  9813 | D:9      | Killed a two-headed ogre
  9887 | D:10     | Identified the +1 scale mail "Moisy" {Contam Harm rElec
                  | Slay+3}
 10120 | D:10     | Reached skill level 5 in Fighting
 10230 | D:10     | Found Zageptuf's Distillery.
 10243 | D:10     | Bought a potion of berserk rage for 65 gold pieces
 10243 | D:10     | Bought a potion of berserk rage for 65 gold pieces
 10243 | D:10     | Bought a potion of ambrosia for 104 gold pieces
 10243 | D:10     | Bought a potion of curing for 39 gold pieces
 10243 | D:10     | Bought a potion of haste for 130 gold pieces
 10243 | D:10     | Bought a potion of haste for 130 gold pieces
 10243 | D:10     | Bought a potion of brilliance for 52 gold pieces
 10243 | D:10     | Bought a potion of resistance for 130 gold pieces
 10400 | D:10     | Found Fomicsah's Demolitions Depot.
 10644 | D:11     | Noticed a seven-headed hydra
 10646 | D:11     | Killed a seven-headed hydra
 10793 | D:11     | Reached ***** piety under Dithmenos
 10794 | D:11     | Reached XP level 12. HP: 60/60 MP: 22/28
 10878 | D:11     | Noticed a six-headed hydra
 10885 | D:11     | Killed a six-headed hydra
 10886 | D:11     | Reached skill level 14 in Stealth
 11271 | D:12     | Noticed Nergalle
 11273 | D:12     | Killed Nergalle
 11411 | D:12     | Found a staircase to the Orcish Mines.
 11510 | D:12     | Noticed a centaur warrior
 11516 | D:12     | Killed a centaur warrior
 11989 | D:13     | Reached skill level 10 in Dodging
 12189 | D:13     | Found a gate to the Vaults.
 12189 | D:13     | Noticed an ironbound preserver
 12198 | D:13     | Reached skill level 15 in Stealth
 12209 | D:13     | Killed an ironbound preserver
 12245 | D:13     | Noticed a boulder beetle
 12249 | D:13     | Killed a boulder beetle
 12652 | D:13     | Reached XP level 13. HP: 38/65 MP: 28/31
 13668 | D:14     | Noticed a stone giant
 13899 | D:14     | Found a blossoming altar of Fedhas.
 13969 | D:14     | Noticed a stone giant
 13972 | D:14     | Killed a stone giant
 13973 | D:14     | Reached skill level 16 in Stealth
 13976 | D:14     | Noticed a tengu reaver
 13993 | D:14     | Killed a tengu reaver
 14110 | D:14     | Noticed Snorg
 14119 | D:14     | Killed Snorg
 14187 | D:14     | Identified the +0 robe "Pucic" {rF+}
 14278 | D:14     | Noticed Nessos
 14282 | D:14     | Killed Nessos
 14374 | D:14     | Paralysed by an air elemental for 1 turns
 14592 | Lair:1   | Entered Level 1 of the Lair of Beasts
 15376 | Lair:1   | Identified the +3 rapier of Dowdy Guilt {speed, rCorr Int+4
                  | Dex+2}
 15422 | Lair:2   | Reached skill level 10 in Short Blades
 15498 | Lair:2   | Reached XP level 14. HP: 72/72 MP: 32/32
 16787 | Lair:3   | Reached skill level 17 in Stealth
 17052 | Lair:3   | Reached ****** piety under Dithmenos
 17339 | Lair:3   | Noticed Urug
 17344 | Lair:3   | Killed Urug
 17496 | Lair:3   | Found a dark tunnel.
 17507 | Volcano  | Entered a volcano
 17928 | Lair:3   | Noticed Rupert
 17952 | Lair:3   | Killed Rupert
 18005 | Lair:3   | Found a hole to the Spider Nest.
 18286 | Lair:3   | Found a staircase to the Shoals.
 19287 | Lair:5   | Entered Level 5 of the Lair of Beasts
 19309 | Lair:5   | Reached skill level 15 in Hexes
 19316 | Lair:4   | Reached skill level 18 in Stealth
 19489 | Lair:5   | Reached XP level 15. HP: 38/78 MP: 29/34
 19802 | Lair:5   | Reached skill level 15 in Spellcasting
 19994 | Lair:5   | Found a transporter.
 19997 | Lair:5   | Found a transporter.
 20042 | Lair:5   | Noticed Essalna's ghost (journeyman KoEn)
 20818 | Lair:5   | Identified the +3 sling of Sin {speed, rPois rC+ Stlth-}
 21148 | Lair:5   | Found a staircase to the Slime Pits.
 21178 | Lair:5   | Identified the +1 ring mail of Pan-Flutes {Int+4 Dex+5}
 21357 | Orc:1    | Entered Level 1 of the Orcish Mines
 21362 | Orc:1    | Noticed Fannar
 21364 | Orc:1    | Killed Fannar
 21695 | Orc:2    | Entered Level 2 of the Orcish Mines
 22285 | Orc:2    | Found Enaodusch's Distillery.
 22285 | Orc:2    | Found Fasammob's Assorted Antiques.
 22304 | Orc:2    | Noticed Saint Roka
 22310 | Orc:2    | Reached skill level 19 in Stealth
 22320 | Orc:2    | Killed Saint Roka
 22543 | Orc:2    | Bought a potion of haste for 100 gold pieces
 22543 | Orc:2    | Bought a potion of magic for 80 gold pieces
 22543 | Orc:2    | Bought a potion of heal wounds for 50 gold pieces
 22543 | Orc:2    | Bought a potion of heal wounds for 50 gold pieces
 22543 | Orc:2    | Bought a potion of curing for 30 gold pieces
 22556 | Orc:2    | Bought a potion of invisibility for 248 gold pieces
 22599 | Orc:2    | Found Nagiog's Antique Weapon Boutique.
 22684 | Orc:2    | Found Feder's Magic Scroll Shoppe.
 22713 | Orc:2    | Bought a scroll of fear for 56 gold pieces
 22713 | Orc:2    | Bought a scroll of magic mapping for 105 gold pieces
 22713 | Orc:2    | Bought a scroll of magic mapping for 105 gold pieces
 22771 | Orc:2    | Found a staircase to the Elven Halls.
 23480 | D:15     | Entered Level 15 of the Dungeon
 23754 | D:15     | Reached XP level 16. HP: 84/84 MP: 36/36
 24853 | D:15     | Reached skill level 15 in Dodging
 25072 | D:15     | Found a staircase to the Depths.
 25099 | D:15     | Acquired the Precepts of Wanderlust and Bewitchment
 25109 | D:15     | Learned a level 5 spell: Summon Mana Viper
 25117 | D:15     | Learned a level 7 spell: Enfeeble
 25563 | Spider:1 | Entered Level 1 of the Spider Nest
 25841 | Spider:1 | Reached skill level 10 in Fighting
 26008 | Spider:1 | Reached skill level 20 in Stealth
 27102 | Spider:2 | Noticed Agnes
 27108 | Spider:2 | Killed Agnes
 27241 | Spider:2 | Upgraded the game from 0.29-a0-920-g5d2155ec51 to
                  | 0.29-a0-923-g6e406bff71
 28118 | Spider:2 | Identified Roxanne's Atlas of Moulding
 28118 | Spider:2 | Noticed Roxanne
 28336 | Spider:2 | Noticed Azrael
 28338 | Spider:2 | Killed Azrael
 28676 | Spider:2 | Identified the +3 trident of Popular Demand {freeze, rPois}
 28786 | Spider:2 | Reached XP level 17. HP: 79/90 MP: 38/38
 28937 | Spider:2 | You fall into a shaft and drop 1 floor!
 29127 | Shoals:1 | Entered Level 1 of the Shoals
 29601 | Shoals:1 | Killed from afar by a wind drake

Illustrated notes

Levels and vault maps discovered:
D:1:      moated_graveyard_arrival, layout_basic,
          shapermc_ecumenical_altar_venn, serial_shops, shop,
          kennysheep_decorative_pillar
D:2:      layout_rooms, minmay_randomly_rotated_circles
D:3:      layout_rooms, wad_floor_pattern_2, supply_closet_lemuel,
          grunt_ministairs_15, uniq_sigmund, uniq_jessica
D:4:      layout_basic, st_stairs_8, serial_bayou_ford_a
D:5:      layout_basic, serial_shops, shop
D:6:      layout_basic, minmay_temple_entry_ruins, uniq_maggie
D:7:      layout_basic, enter_bailey_7, uniq_pikel
D:8:      layout_loops_ring, hangedman_incinerator
D:9:      layout_basic, mainiacjoe_overflow_paths, special_room
          [special_room_orc], uniq_maurice
D:10:     layout_cave_pools, minmay_lair_entry_grove,
          gammafunk_ghost_stat_death, serial_shops, shop, nicolae_blasting_shop,
          st_stairs_9, lemuel_old_faithful
D:11:     layout_roguey [special_room_orc]
D:12:     layout_loops_ring, david_orc_2, uniq_nergalle
D:13:     layout_basic, skrybe_vaults_entry_preservation,
          kennysheep_generic_room_7
D:14:     layout_loops_corners, fedhas_altar_1,
          dilly_guarded_unrand_elemental_staff, uniq_nessos, uniq_snorg
D:15:     grunt_enter_depths_snipers, layout_loops_ring,
          minmay_tree_intersection
Temple:   mainiacjoe_temple_hex_bubbles
Lair:1:   layout_gridlike
Lair:2:   layout_long_grid, grunt_megastairs_4, infiniplex_staircase_pool
Lair:3:   nzn_winding_woodlands_stair_trap [nzn_winding_woodlands_5x15_zeroes,
          nzn_winding_woodlands_5x15_sidewinder,
          nzn_winding_woodlands_5x15_concentric,
          nzn_winding_woodlands_15x15_killbox,
          nzn_winding_woodlands_5x15_pathside_ponds,
          nzn_winding_woodlands_5x15_crooked, nzn_winding_woodlands_5x15_cabin],
          layout_long_grid, elwin_shoals_entry_stream, dummy_spider_entry,
          nicolae_volcano_entry_batcave, uniq_urug, uniq_rupert
Lair:4:   layout_roguey, serial_bayou_pond_a, chequers_serial_rivers_micro_e,
          serial_bayou_lagoon_b, lemuel_fruit_tree
Lair:5:   due_jungle_book, layout_concentric_octagons,
          dpeg_slime_entry_enclosed, nzn_ghost_randoct
Shoals:1: cheibrodos_shoals_baths, layout_shoals, uniq_jorgrun
Spider:1: layout_spider_delve
Spider:2: nicolae_spider_hilbert_zone_4 [nicolae_spider_hilbert_4_sides_2_open,
          nicolae_spider_hilbert_4_sides_1_open,
          nicolae_spider_hilbert_4_sides_1_open,
          nicolae_spider_hilbert_4_sides_1_open,
          nicolae_spider_hilbert_4_sides_1_open,
          nicolae_spider_hilbert_2_sides_1_open,
          nicolae_spider_hilbert_2_sides_1_open,
          nicolae_spider_hilbert_2_sides_1_open,
          nicolae_spider_hilbert_2_sides_1_open,
          nicolae_spider_hilbert_6_sides_1_open,
          nicolae_spider_hilbert_6_sides_1_open,
          nicolae_spider_hilbert_3_sides_1_open,
          nicolae_spider_hilbert_3_sides_1_open], uniq_azrael, uniq_roxanne,
          uniq_agnes
Spider:3: layout_spider_delve, hellmonk_motheaten_closet
Orc:1:    layout_diamond_mine, uniq_fannar
Orc:2:    st_orc_town, layout_diamond_mine, david_defended_altar_orc,
          uniq_saint_roka

Skill      XL: |  1  2  3  4  5  6  7  8  9 10 11 12 13 14 15 16 17 |
---------------+----------------------------------------------------+-----
Spellcasting   | 3 4 5 6 7 9 10 11 13 14 15 16 17 | 17.0
Hexes          | 4 6 8 9 10 11 12 13 14 15 16 17 | 17.2
Stealth        | 5 7 10 11 12 13 15 16 18 19 20 | 20.8
Fighting       | 2 3 5 6 7 8 9 10 | 10.6
Short Blades   | 3 5 7 8 10 11 12 | 12.0
Dodging        | 5 7 9 10 12 13 14 16 | 16.2

Action                   |  1- 3 |  4- 6 |  7- 9 | 10-12 | 13-15 | 16-18 || total
-------------------------+-------+-------+-------+-------+-------+-------++-------
Melee: Dagger            |   139 |    89 |   249 |       |       |       ||   477
       Punch             |       |     1 |     6 |     7 |    18 |     8 ||    40
       Quick blade       |       |       |    50 |   443 |  1163 |   528 ||  2184
Throw: Dart              |       |       |       |       |     1 |       ||     1
 Cast: Ensorcelled Hiber |    10 |    12 |    53 |    82 |   157 |    81 ||   395
       Tukima's Dance    |       |     3 |    35 |    31 |    23 |    56 ||   148
       Confusing Touch   |       |     3 |    10 |    10 |    11 |    13 ||    47
       Dazzling Flash    |       |       |       |       |    21 |     3 ||    24
Invok: Shadow Step       |       |       |       |     2 |     3 |     3 ||     8
Evoke: Wand              |       |       |     5 |     7 |    19 |     9 ||    40
  Use: Scroll            |    12 |     3 |     8 |     9 |     6 |     2 ||    40
       Potion            |     1 |     1 |     3 |     2 |     6 |     5 ||    18
 Stab: Sleeping          |    20 |    19 |    42 |    89 |   174 |    89 ||   433
       Confused          |       |     2 |    15 |    15 |    15 |    14 ||    61
       Distracted        |       |       |     3 |     3 |     8 |     6 ||    20
       Invisible         |       |       |       |       |    25 |     3 ||    28
       Petrifying        |       |       |       |       |     1 |       ||     1
Armor: Robe              |    26 |     4 |    12 |    11 |    50 |    11 ||   114
Dodge: Dodged            |    97 |    54 |   237 |   251 |   798 |   295 ||  1732
Block: Other             |       |       |       |    25 |   100 |    34 ||   159

Table legend: (Time is in decaauts)
 A = Elapsed time spent in this place.
 B = Non-inter-level travel time spent in this place.
 C = Inter-level travel time spent in this place.
 D = Time resting spent in this place.
 E = Time spent auto-exploring this place.
 F = Levels seen in this place.
 G = Mean time per level.
                   A        B        C        D        E       F      G
               +--------+--------+--------+--------+--------+-----+--------+
         Total |  20788 |  19506 |   1282 |   2716 |  11696 |  29 |  716.8 |
       Dungeon |  11282 |  10644 |    638 |   1312 |   6640 |  15 |  752.1 |
        Temple |     84 |     56 |     28 |      0 |     52 |   1 |   84.0 |
          Lair |   4643 |   4258 |    385 |    631 |   2677 |   5 |  928.6 |
        Shoals |     43 |     43 |      0 |      0 |      1 |   1 |   43.0 |
   Spider Nest |   2406 |   2267 |    139 |    316 |   1370 |   3 |  802.0 |
  Orcish Mines |   1417 |   1329 |     88 |    264 |    704 |   2 |  708.5 |
        Bailey |    711 |    711 |      0 |    189 |    197 |   1 |  711.0 |
       Volcano |    199 |    199 |      0 |      1 |     52 |   1 |  199.0 |
               +--------+--------+--------+--------+--------+-----+--------+

Top non-repeatable levels by time:
  Lair:3: 1584 daAuts
Spider:2: 1432 daAuts
  Lair:5: 1246 daAuts
    D:15: 1174 daAuts
    D:14: 1153 daAuts
Spider:1: 955 daAuts
   Orc:2: 950 daAuts
     D:7: 877 daAuts
     D:4: 864 daAuts
    D:12: 815 daAuts
     D:8: 801 daAuts
  Lair:2: 755 daAuts
     D:9: 723 daAuts
  Bailey: 711 daAuts
    D:13: 683 daAuts
